[Event "Early-Titled-Tuesday-Blitz-February-27-2024"]
[Site "Chess.com"]
[Date "2024.02.27"]
[Round "6"]
[White "Statham_01"]
[Black "eightbyeightchess"]
[Result "0-1"]
[WhiteElo "2554"]
[BlackElo "2414"]
[TimeControl "180+1"]
[EndTime "9:05:39 PST"]
[Termination "eightbyeightchess won by resignation"]

1. e4 d5 2. exd5 Nf6 3. Nf3 Qxd5 4. d4 Bg4 5. Be2 Nc6 6. c4 Qh5 7. d5 O-O-O 8. Qa4 Ne5 9. Nxe5 Qxe5 10. Nc3 Bxe2 11. Nxe2 e6 12. Qxa7 Bb4+ 13. Kf1 Bd6 14. Qa8+ Kd7 15. Qxb7 exd5 16. Bf4 Qe4 17. Bxd6 Kxd6 18.
c5+ Kd7 19. Qb5+ Ke7 20. Re1 Kf8 21. Nc3 Qc2 22. c6 d4 23. Qc5+ Kg8 24. Qe7 Qd3+ 25. Ne2 Re8 26. Qxc7 g6 27. Qg3 Qc4 28. b3 Qa6 29. c7 Kg7 30. h4 d3 31. h5 dxe2+ 32.
Kg1 h6 33. Qc3 Re6 34. hxg6 fxg6 35. Rh3 Rc8 36. Qd2 g5 37. Rg3 Qd6 38. Qc1 Rxc7 39. Qb2 Kf7 40. Qb1 Rd7 41. Rf3 Kg7 42. Qf5 Qd1 43. Qxe6 Qxe1+ 44. Kh2 Qc3 45. Re3 Qd4 46. Qf5 Ng4+ 47. Kh3 Nxe3 48. fxe3 Qd5 49. Qf2 Qe6+ 50. g4 Re7 51. Qxe2 Qxe3+ 52. Qxe3 Rxe3+ 53. Kg2 Re2+ 54.
Kf3 Rxa2 55. Ke4 Rb2 56. Kd4 Rxb3 57. Ke5 Rf3 0-1

[Event "Early-Titled-Tuesday-Blitz-February-27-2024"]
[Site "Chess.com"]
[Date "2024.02.27"]
[Round "6"]
[White "Quattroporte300"]
[Black "Orest_Vovk"]
[Result "1-0"]
[WhiteElo "2412"]
[BlackElo "2550"]
[TimeControl "180+1"]
[EndTime "9:05:43 PST"]
[Termination "Quattroporte300 won by checkmate"]

1. e4 g5 2. d4 g4 3. Qxg4 d5 4. Qf3 dxe4 5. Qxe4 Nf6 6. Qd3 Nc6 7. Nf3 Bg4 8. c3 Qd5 9. Be2 O-O-O 10. h3 Bh5 11. c4 Qa5+ 12. Bd2 Qa6 13. d5 Bxf3 14. Qxf3 Nd4 15.
Qd3 Nxe2 16. Qxe2 e6 17. dxe6 fxe6 18. Nc3 Rg8 19. f4 Qc6 20. O-O Rg3 21. Be1 Bc5+ 22. Kh2 Rg6 23. Qf3 Qa6 24. b3 Rdg8 25. g4 Nxg4+ 26.
hxg4 Rxg4 27. Bf2 e5 28. Qh3 Bxf2 29. Rxf2 Kb8 30. fxe5 Qg6 31. Raf1 a6 32. Rf8+ Rxf8 33.
Rxf8+ Ka7 34. Ne2 Qg5 35. Rf4 Rxf4 36. Qe3+ b6 37. Qxf4 Qh5+ 38. Kg3 Qxe2 39. Kh4 h5 40. Kg5 Kb8 41. Kf6 Qg2 42. e6 Qg8 43. e7 Qe8 44.
Qh6 Qc6+ 45. Kg7 Qd7 46. Qf6 Qg4+ 47. Kf7 Ka7 48. e8=Q h4 49. Qee6 Qg3 50. Ke7 h3 51.
Qfe5 Qg8 52. Qxg8 Kb7 53. Qgh8 a5 54. Qxh3 Ka6 55. c5 a4 56. Qd3+ Ka5 57. Qdc3+ Kb5 58. Qe2+ Kc6 59. cxb6+ Kb7 60. Qe4+ Ka6 61. Qxa4+ Kb7 62.
Qxc7# 1-0

[Event "Early-Titled-Tuesday-Blitz-February-27-2024"]
[Site "Chess.com"]
[Date "2024.02.27"]
[Round "6"]
[White "MaxLeto"]
[Black "ClauSanLuis"]
[Result "1-0"]
[WhiteElo "2514"]
[BlackElo "2227"]
[TimeControl "180+1"]
[EndTime "9:05:44 PST"]
[Termination "MaxLeto won by resignation"]

1. g4 d5 2. Bg2 c6 3. h3 e5 4. d4 e4 5. c4 Ne7 6. Nc3 Ng6 7. cxd5 cxd5 8. Qb3 Be6 9. Qxb7 Nd7 10. Nxd5 Bd6 11. Nc3 O-O 12. Bxe4 f5 13. gxf5 Bxf5 14. Qd5+ Kh8 15.
Bxf5 Nb6 16. Qe4 Nh4 17. Bg4 Qf6 18. Nf3 Rae8 19. Qd3 Nxf3+ 20. Bxf3 Qxf3 21. Qxf3 Rxf3 22. Be3 Rf7 23. b3 Bb4 24. Bd2 Rd7 25. a3 Bf8 26.
Be3 Rc8 27. Kd2 Rdc7 28. Rhc1 a5 29. Kd3 Rd8 30. Nb5 Rb7 31. a4 Nd5 32. Bd2 Ne7 33. e4 Ng6 34. Bxa5 Ne5+ 35. Ke3 Ra8 36. dxe5 Rxa5 37. Rc8 Kg8 38. Rd1 Kf7 39. Rdd8 Be7 40.
Rh8 h6 41. f4 Ra6 42. f5 Bg5+ 43. Kf3 Rab6 44. Nd6+ Ke7 45. Nxb7 Rxb3+ 46. Kg4 Rxb7 47. Rb8 Ra7 48. Ra8 Rc7 49. Rhc8 Rb7 50. Rcb8 Rc7 51. Rc8 Rb7 52. e6 Kf6 53. Rc5 Rb1 54. Rf8+ Ke7 55. Rf7+ Ke8 56. Rd5 Rg1+ 57. Kf3 Rf1+ 58. Ke2 Ra1 59. Ra5 Bf6 60. Ra8+ 1-0

[Event "Early-Titled-Tuesday-Blitz-February-27-2024"]
[Site "Chess.com"]
[Date "2024.02.27"]
[Round "6"]
[White "Sina_Movahed"]
[Black "MightyGMpretender"]
[Result "1-0"]
[WhiteElo "2938"]
[BlackElo "2781"]
[TimeControl "180+1"]
[EndTime "9:05:45 PST"]
[Termination "Sina_Movahed won on time"]

1. e4 c5 2. d4 cxd4 3. Nf3 Nc6 4. Nxd4 e5 5. Nb5 d6 6. c4 g6 7. N1c3 a6 8. Na3 Bg7 9. Nc2 Be6 10. Bd3 Rc8 11.
O-O Nf6 12. b3 O-O 13. Ba3 Nh5 14. Re1 Qa5 15. Bb2 Nf4 16. Bf1 Rfd8 17. Nd5 Bxd5 18. exd5 Nb8 19. a4 Qb6 20. Ne3 a5 21. Rb1 Na6 22.
Bc3 Qc7 23. g3 Nh5 24. Bh3 Ra8 25. Nf5 Bf8 26. Rb2 Nf6 27. Ne3 Ne4 28. Rc2 Nxc3 29.
Rxc3 Nc5 30. Nc2 Bg7 31. Rce3 f5 32. Na3 Rf8 33. Nb5 Qe7 34. Qc2 Qd8 35. Qd1 Rf7 36. Qc2 Qf8 37. R3e2 h5 38. Bg2 Bf6 39. h4 Kg7 40.
Bh3 Re8 41. Kh2 e4 42. Re3 Be5 43. Kg1 Nd3 44. R1e2 Nc5 45. f4 exf3 46. Rxf3 Rfe7 47. Kg2 Qf6 48. Qd1 Kh7 49. Kg1 Qg7 50. Kg2 Ne4 51.
Ree3 Nc5 52. Bxf5 gxf5 53. Rxf5 Bf6 54. Rxh5+ Kg8 55. Rxe7 Rxe7 56. Nxd6 Qg6 57. Nf5 Qxh5 58. Nxe7+ 1-0

[Event "Early-Titled-Tuesday-Blitz-February-27-2024"]
[Site "Chess.com"]
[Date "2024.02.27"]
[Round "6"]
[White "EsmeraldasAnderson03"]
[Black "Pikku_Myy73"]
[Result "1-0"]
[WhiteElo "2493"]
[BlackElo "2274"]
[TimeControl "180+1"]
[EndTime "9:05:45 PST"]
[Termination "EsmeraldasAnderson03 won by resignation"]

1. d4 d5 2. c4 e6 3. cxd5 exd5 4. Nc3 c6 5. Nf3 Bd6 6. Qc2 Ne7 7. Bg5 h6 8. Bh4 Qb6 9. e3 Bf5 10. Bd3 Bxd3 11. Qxd3 O-O 12. O-O Ng6 13. Bg3 Bxg3 14. hxg3 Nd7 15. b4 Rfe8 16. b5 Nf6 17. Rab1 Qc7 18.
Rfc1 Qd6 19. bxc6 bxc6 20. Na4 Ne4 21. Nd2 h5 22. Nxe4 dxe4 23. Qa6 h4 24. gxh4 Nxh4 25. Qxc6 Qe7 26. Rc5 Rab8 27. Rbc1 Red8 28. Nc3 Rb6 29. Qxe4 Re6 30. Re5 Rxe5 31. Qxe5 Qa3 32. Rc2 Rc8 33. d5 Ng6 34. Qd4 Qe7 35. d6 Qe6 36. d7 Rd8 37.
Rd2 Nf8 38. Qxa7 Rxd7 39. Rxd7 Nxd7 40. Qa8+ Nf8 41. Qe4 Qd6 42. Nd5 Qc5 43. Ne7+ Kh8 44. Nf5 Qc1+ 45. Kh2 Qc7+ 46. g3 Ne6 47. a4 Qa7 48. Nd6 Qd7 49. Qe5 Kg8 50. a5 Qa4 51.
Nf5 Qa2 52. Kg2 Qc2 53. Nd4 Qc4 54. Nxe6 fxe6 55. Qf4 Qc6+ 56. Qf3 Qb5 57. Qa8+ Kf7 58. a6 Qa5 59. Qb7+ Kf6 60. a7 1-0

[Event "Early-Titled-Tuesday-Blitz-February-27-2024"]
[Site "Chess.com"]
[Date "2024.02.27"]
[Round "6"]
[White "ilqar_74"]
[Black "andrzej"]
[Result "1-0"]
[WhiteElo "2822"]
[BlackElo "2515"]
[TimeControl "180+1"]
[EndTime "9:05:47 PST"]
[Termination "ilqar_74 won by checkmate"]

1. e4 e5 2. Nf3 Nf6 3. Nxe5 d6 4. Nf3 Nxe4 5. d4 d5 6. Bd3 Be7 7. O-O Bf5 8. c4 dxc4 9. Bxc4 O-O 10. Nc3 Nc6 11. Re1 Nd6 12. Bd3 Bf6 13. Be3 Re8 14.
h3 Qd7 15. a3 Rad8 16. Nd5 Be7 17. Nxe7+ Nxe7 18. Ne5 Qe6 19. Bf1 h6 20. f3 Nd5 21.
Bf2 f6 22. Qb3 Nf4 23. Nc4 Qd5 24. Rac1 Be6 25. Qb4 Nf7 26. Ne3 Qg5 27. h4 Qg6 28. Kh2 Nd6 29. Rxc7 Nd3 30. Bxd3 Qxd3 31. d5 Bf7 32.
Qf4 Re5 33. Ng4 Rxd5 34. Ree7 Qf5 35. Qxf5 Rxf5 36. Bg3 Ne8 37. Rxf7 Nxc7 38. Rxc7 Rb5 39. b4 a5 40. bxa5 Rxa5 41. Rxb7 Rxa3 42. Nf2 Ra2 43.
Ne4 Rd1 44. Rb8+ Kh7 45. h5 Raa1 46. Kh3 Rh1+ 47. Bh2 Ra4 48. Rb7 Kg8 49. Nd6 Ra5 50.
Rb8+ Kh7 51. g4 Ra2 52. Nf7 Rhxh2+ 53. Kg3 Rhg2+ 54. Kf4 g5+ 55. Kf5 Ra5+ 56. Kxf6 Ra6+ 57. Kf5 Ra5+ 58. Ne5 Re2 59. Rb7+ Kg8 60. Re7 Ra4 61. Kg6 Ra5 62. Re8# 1-0

[Event "Early-Titled-Tuesday-Blitz-February-27-2024"]
[Site "Chess.com"]
[Date "2024.02.27"]
[Round "6"]
[White "SashaKuzhilniy"]
[Black "leclash"]
[Result "1/2-1/2"]
[WhiteElo "2608"]
[BlackElo "2424"]
[TimeControl "180+1"]
[EndTime "9:05:47 PST"]
[Termination "Game drawn by repetition"]

1. c4 e6 2. g3 d5 3. Bg2 Nf6 4. Nf3 c6 5. b3 Nbd7 6. O-O Bd6 7. Bb2 O-O 8. d3 Qe7 9. a3 a5 10. Nc3 Re8 11. Qd2 e5 12. cxd5 cxd5 13.
Nb5 Bb8 14. Rac1 Nf8 15. a4 Bf5 16. Ba3 Qd7 17. d4 e4 18. Ne5 Qd8 19. Rc3 Rxe5 20. dxe5 Bxe5 21. Nd4 Bd7 22. Rfc1 Ne6 23. e3 Ng5 24. h4 Nf3+ 25. Nxf3 exf3 26. Bxf3 Bxc3 27. Qxc3 Rc8 28. Qd4 Rxc1+ 29. Bxc1 Qc7 30. Bb2 Be6 31. Qc3 Qxc3 32. Bxc3 d4 33. Bxd4 Bxb3 34. Bxb7 Bxa4 35. Bc3 Bd7 36. Bxa5 h5 37. Bc3 Kh7 38. Bxf6 gxf6 39. Kg2 Kg6 40. Kf3 Be6 41. Kf4 Bd7 42.
Be4+ f5 43. Bc2 Be6 44. Ke5 Bc8 45. Ba4 Bb7 46. Bb3 Bf3 47. Bc2 Bg4 48. Kf4 Kf6 49. f3 Bh3 50. Bd3 Bg2 51. Be2 Bh3 52. Bd3 Bg2 53.
Bc2 Bh3 54. Bb1 Bg2 55. Bxf5 Bxf3 56. Kxf3 Kxf5 57. e4+ Ke5 58. Ke3 f6 59. Kf3 f5 60.
exf5 Kxf5 61. Kf2 Kf6 62. Ke1 Ke5 63. Kf2 Kf6 64. Ke3 Ke5 65. Kd3 Kd5 66. Kd2 Kd4 67. Ke2 Ke4 68. Kf2 Kd4 69. Kf3 Ke5 70.
Ke3 Kf5 71. Kf3 Ke5 72. Kf2 Ke4 73. Kg2 Ke3 74. Kh3 Kf3 75. Kh2 Kf2 76. Kh3 Kf3 77.
Kh2 Kf2 78. Kh3 Kf3 1/2-1/2

[Event "Early-Titled-Tuesday-Blitz-February-27-2024"]
[Site "Chess.com"]
[Date "2024.02.27"]
[Round "6"]
[White "ploxoi"]
[Black "vladgoncharov"]
[Result "1-0"]
[WhiteElo "2473"]
[BlackElo "2631"]
[TimeControl "180+1"]
[EndTime "9:05:47 PST"]
[Termination "ploxoi won by checkmate"]

1. d4 Nf6 2. c4 e6 3. g3 c5 4. d5 exd5 5. cxd5 d6 6. Bg2 g6 7. Nc3 Bg7 8. Nf3 O-O 9. O-O Re8 10. Nd2 Nbd7 11. h3 a6 12. a4 Rb8 13. Nc4 Nb6 14.
Na3 Bd7 15. Re1 Nc8 16. Nc4 b5 17. axb5 axb5 18. Na5 Ra8 19. Nb7 Rxa1 20. Nxd8 Rxd8 21.
Qc2 b4 22. Nd1 Nb6 23. e4 Bb5 24. Ne3 Nfd7 25. Bd2 Ra2 26. Rb1 Ne5 27. Bf1 Nf3+ 28.
Kg2 Nd4 29. Qd1 Ba4 30. Qe1 Bb3 31. Qc1 f5 32. exf5 gxf5 33. Nc4 Nxd5 34. Ra1 Kh8 35. h4 Nf6 36. Rxa2 Bxa2 37. Bg5 Ne6 38. Ne3 f4 39. Nf5 Bd5+ 40. Kg1 Nxg5 41. hxg5 Ne4 42.
Nxg7 fxg3 43. Nf5 gxf2+ 44. Kh2 Rf8 45. Ng3 Rf4 46. Nxe4 Rxe4 47. Kg3 Kg7 48. Kxf2 Rd4 49. Qe3 Bf7 50. b3 h6 51. Be2 hxg5 52. Qxg5+ Bg6 53. Qe7+ Kh6 54. Ke3 Rd5 55. Qf8+ Kg5 56. Qf4# 1-0

[Event "Early-Titled-Tuesday-Blitz-February-27-2024"]
[Site "Chess.com"]
[Date "2024.02.27"]
[Round "6"]
[White "dianamirza"]
[Black "Alblooshi_Hamad"]
[Result "0-1"]
[WhiteElo "1986"]
[BlackElo "2163"]
[TimeControl "180+1"]
[EndTime "9:05:47 PST"]
[Termination "Alblooshi_Hamad won by resignation"]

1. e4 e5 2. Nf3 Nc6 3. Bb5 a6 4. Bxc6 dxc6 5. O-O Qd6 6. d4 exd4 7. Qxd4 Qxd4 8.
Nxd4 Nf6 9. e5 Nd5 10. c4 Nb6 11. b3 Bc5 12. Bb2 O-O 13. Nd2 Rd8 14. N2f3 Bg4 15. h3 Bh5 16. g4 Bg6 17. Rad1 Re8 18. a3 a5 19. Nf5 Rad8 20. Rc1 Bxf5 21. gxf5 Rd3 22. Kg2 Rxb3 23. Bd4 Bxd4 24. Nxd4 Rxa3 25. e6 Ra4 26. exf7+ Kxf7 27. Ne6 Rxc4 28. Rce1 h6 29. Nxc7 Rxe1 30. Rxe1 Nd5 31. Ne6 Nf4+ 32. Kg3 Nxe6 33. fxe6+ Ke7 34. f4 a4 35. f5 b5 36. Rd1 Re4 37.
Rd7+ Kf6 38. Rf7+ Ke5 39. e7 Kd6 40. Rxg7 Rxe7 41. Rg6+ Kc5 42. Rxh6 a3 43. f6 Rf7 44.
Rh5+ Kb6 45. Rf5 a2 46. Rf1 Rxf6 47. Ra1 Rg6+ 48. Kf3 Rh6 49. Kg4 Rg6+ 50. Kf3 c5 51.
Rxa2 b4 52. h4 b3 53. Rb2 c4 54. h5 Rh6 55. Kg4 Kc5 56. Kg5 Rh8 57. h6 Kb4 58.
Kg6 c3 59. Rh2 b2 60. Rh4+ Kb3 61. Rh1 c2 62. Kg7 Rxh6 63. Rxh6 c1=Q 64. Rb6+ Ka2 65. Ra6+ Kb1 66. Rg6 Qc7+ 67. Kh8 Qe5+ 68. Rg7 Qxg7+ 69.
Kxg7 Kc1 70. Kh8 b1=Q 0-1

[Event "Early-Titled-Tuesday-Blitz-February-27-2024"]
[Site "Chess.com"]
[Date "2024.02.27"]
[Round "6"]
[White "Eagle_2019"]
[Black "manitodeplomo"]
[Result "1-0"]
[WhiteElo "2891"]
[BlackElo "2648"]
[TimeControl "180+1"]
[EndTime "9:05:48 PST"]
[Termination "Eagle_2019 won on time"]

1. d4 g6 2. Nf3 Bg7 3. g3 c5 4. dxc5 Qa5+ 5. c3 Qxc5 6. Bg2 Nf6 7. O-O O-O 8. Be3 Qc7 9. Na3 a6 10. Qd2 d6 11. Bh6 Nbd7 12. Bxg7 Kxg7 13. c4 b6 14. Rac1 Bb7 15. Nb1 Rac8 16. b3 Qb8 17. Nc3 b5 18.
cxb5 axb5 19. Rfd1 Nc5 20. b4 Nce4 21. Nxe4 Bxe4 22. Nd4 Bxg2 23. Kxg2 Rc4 24. Rxc4 bxc4 25.
b5 Rc8 26. Qb4 c3 27. a4 Nd5 28. Qb3 e6 29. a5 c2 30. Nxc2 Nc3 31. Rd3 Nxb5 32.
Qb2+ e5 33. Rf3 d5 34. Rb3 Qc7 35. Rxb5 Qxc2 36. Qxe5+ Kh6 37. Qf4+ Kg7 38. Qe5+ Kh6 39. Rb4 Rc4 40. Rxc4 dxc4 41. a6 c3 42. a7 Qa2 43.
Qf4+ Kg7 44. Qd4+ Kh6 45. Qe3+ Kg7 46. Qxc3+ Kh6 47. Qe3+ Kg7 48. Qe5+ Kh6 49. Qc5 Qa6 50. Qe3+ Kg7 51. h4 h5 52. Qd4+ Kh7 53. Qc5 Kg7 54. Kf3 Qb7+ 55. Ke3 1-0

[Event "Early-Titled-Tuesday-Blitz-February-27-2024"]
[Site "Chess.com"]
[Date "2024.02.27"]
[Round "6"]
[White "ATM622"]
[Black "xamax2000"]
[Result "0-1"]
[WhiteElo "2540"]
[BlackElo "2833"]
[TimeControl "180+1"]
[EndTime "9:05:48 PST"]
[Termination "xamax2000 won by resignation"]

1. d4 d5 2. c4 e6 3. Nf3 Nf6 4. Nbd2 b6 5. g3 Bb7 6. Bg2 Nbd7 7. O-O Be7 8. b3 O-O 9. Bb2 a5 10. Qc2 a4 11. Ne5 a3 12. Bc3 c5 13. e4 dxc4 14.
bxc4 cxd4 15. Bxd4 Qc7 16. Nxd7 Nxd7 17. Rab1 Rfd8 18.
Rfd1 Nc5 19. Nb3 Rd7 20. Nxc5 Bxc5 21. Bxc5 Rxd1+ 22. Qxd1 Qxc5 23. Qd7 Ba6 24. e5 Rf8 25. Qd6 Bxc4 26. Rxb6 Qa5 27. Qb4 Qxb4 28. Rxb4 Rc8 29. Bb7 Rc7 30. Ra4 g5 31. Be4 Bxa2 32. Rxa3 Rc1+ 33.
Kg2 Bc4 34. Bd3 Bd5+ 35. f3 Rd1 36. Be2 Rd2 37. Kf1 Kg7 38. Re3 Rb2 39. f4 h6 40. Kf2 Rb4 41. fxg5 hxg5 42. Bf3 Rb2+ 43. Be2 Bc4 44. Kf3 Bxe2+ 45. Rxe2 Rxe2 46. Kxe2 Kg6 47.
g4 f5 48. Kf3 f4 49. Ke4 Kf7 50. h4 gxh4 51. Kxf4 Kg6 52. g5 Kh5 53. g6 Kxg6 54.
Kg4 h3 55. Kxh3 Kf5 56. Kg3 Kxe5 57. Kf2 Kd4 58. Ke2 Ke4 59. Kf2 Kd3 60. Kf1 e5 61. Ke1 e4 62. Kd1 e3 63. Ke1 e2 0-1

[Event "Early-Titled-Tuesday-Blitz-February-27-2024"]
[Site "Chess.com"]
[Date "2024.02.27"]
[Round "6"]
[White "CarlosjPineror"]
[Black "LLariMarc"]
[Result "0-1"]
[WhiteElo "2557"]
[BlackElo "2378"]
[TimeControl "180+1"]
[EndTime "9:05:48 PST"]
[Termination "LLariMarc won by checkmate"]

1. e4 e6 2. d4 d5 3. e5 c5 4.
c3 Nc6 5. Nf3 Qb6 6. a3 Nge7 7.
b4 cxd4 8. cxd4 Bd7 9. Nc3 a6 10. Na4 Qc7 11. Bd3 Na7 12. Be3 Bb5 13. Rc1 Nec6 14. O-O Be7 15. Nc5 b6 16. Nxa6 Qb7 17. a4 Bxd3 18. Qxd3 Bxb4 19. Rb1 Ba5 20. Rfc1 h6 21.
Bd2 O-O 22. Nc5 Qc8 23. Bxa5 bxa5 24. Qe3 Rb8 25. Nd3 Rxb1 26. Rxb1 Qc7 27. g4 Rb8 28. Rc1 Qe7 29. g5 h5 30. h4 g6 31. Nc5 Rb4 32.
Qa3 Kg7 33. Rd1 Qc7 34. Nd3 Rc4 35. Rb1 Qe7 36. Qb3 Nb4 37. Nc5 Nac6 38. Qe3 Qa7 39.
Qf4 Kg8 40. Qf6 Qe7 41. Qf4 Nxd4 42. Nxd4 Qxc5 43. Rd1 Qe7 44. Qe3 Nc6 45. Nf3 Nb4 46.
Qb6 Qc7 47. Qe3 Kg7 48. Kh2 Qd8 49. Qe2 Re4 50. Qf1 Rf4 51. Ne1 Rxh4+ 52. Kg1 Rg4+ 53.
Ng2 Rxg5 54. f3 Rxe5 55. Qf2 Rf5 56. Qd4+ Qf6 57. Qd2 Rxf3 58. Rc1 Rf5 59. Rc8 Qg5 60. Qc3+ Qf6 61. Qc5 Kh7 62. Qf8 Qg7 63. Qe8 Rg5 64. Kh2 Qe5+ 65. Kg1 Qe1+ 66. Kh2 Qg3+ 67. Kg1 Qxg2# 0-1

[Event "Early-Titled-Tuesday-Blitz-February-27-2024"]
[Site "Chess.com"]
[Date "2024.02.27"]
[Round "6"]
[White "ReinisUz"]
[Black "Cambek64"]
[Result "1-0"]
[WhiteElo "2392"]
[BlackElo "2488"]
[TimeControl "180+1"]
[EndTime "9:05:49 PST"]
[Termination "ReinisUz won on time"]

1. c4 e5 2. Nc3 Nc6 3. g3 f5 4. Bg2 Nf6 5. d3 Bb4 6. Bd2 Bxc3 7. Bxc3 d6 8. e3 O-O 9. Ne2 Qe8 10. O-O Qh5 11. d4 Ng4 12. h3 Nf6 13. dxe5 dxe5 14.
b4 Rd8 15. Qc2 f4 16. exf4 Bxh3 17. fxe5 Nxe5 18. Nf4 Nf3+ 19. Bxf3 Qxf3 20. Nxh3 Ne4 21. Rae1 Nxg3 22. Qxh7+ Kxh7 23. Ng5+ Kg6 24. Nxf3 Nxf1 25. Kxf1 Kf5 26. Nd4+ Kg4 27. Re4+ Kh5 28. Nf5 Rd3 29. Ng3+ Kg5 30. Bxg7 Ra3 31. Bd4 Rxa2 32. Be3+ Kf6 33. Rf4+ Ke5 34. Rf7 Rc8 35. Kg2 a6 36. Kf3 Ra4 37.
Bf4+ Kd4 38. Bxc7 Kxc4 39. Bd6 b5 40. Ne4 Rc6 41. Bc5 a5 42. Nd6+ Kb3 43. Nxb5 axb4 44.
Nd4+ Kc4 45. Nxc6 Kxc5 46. Nxb4 Rxb4 47. Re7 Kd6 48. Re1 Rb5 49. Kg4 Rb8 50. f4 Rg8+ 51. Kf3 Rf8 52. Re4 Rf7 53. Re5 1-0

[Event "Early-Titled-Tuesday-Blitz-February-27-2024"]
[Site "Chess.com"]
[Date "2024.02.27"]
[Round "6"]
[White "Russian_berezka"]
[Black "baki83"]
[Result "1-0"]
[WhiteElo "2584"]
[BlackElo "2819"]
[TimeControl "180+1"]
[EndTime "9:05:51 PST"]
[Termination "Russian_berezka won by resignation"]

1. d4 d5 2. c4 e6 3. Nc3 a6 4. cxd5 exd5 5. Nf3 Nf6 6. Bg5 Be7 7. e3 Be6 8. Bd3 Nbd7 9. h3 h6 10.
Bf4 O-O 11. O-O c5 12. dxc5 Nxc5 13. Bc2 b5 14. Nd4 Rc8 15. Rc1 Qb6 16. Bb1 Rfd8 17.
Qf3 b4 18. Nce2 Nce4 19. Rfd1 Rxc1 20. Nxc1 a5 21. Nxe6 fxe6 22. Qe2 a4 23. f3 Nd6 24.
Qc2 Nc4 25. Re1 e5 26. Bxh6 gxh6 27. Qg6+ Kf8 28. Qxh6+ Ke8 29. Bf5 Bf8 30. Qg6+ Ke7 31. Nd3 b3 32. axb3 axb3 33. Kh1 Ra8 34. e4 d4 35. f4 Ne8 36. Qg8 Ne3 37. Nxe5 Qf6 38. Ng6+ Kd8 39. Nxf8 Kc7 40. Ne6+ Kb6 41. Nxd4 Qxd4 42.
Qxb3+ Kc7 43. Qxe3 Qxb2 44. Qc1+ Qxc1 45. Rxc1+ Kd6 46.
Rd1+ Ke7 47. e5 Ng7 48. Bg4 Ra4 49. Rf1 Ne8 50. h4 Re4 51. h5 Kf7 52. Bf5 Rb4 53.
Bg6+ Ke7 54. Bxe8 Kxe8 55. Kh2 Kf7 56. Kh3 Kg7 57. Kg4 Kh6 58. g3 Rb6 59. Rd1 Rb7 60. Rd6+ Kh7 61. Kg5 Rg7+ 62. Rg6 Rf7 63. e6 Re7 64.
Kf6 Re8 65. Kf7 Ra8 66. e7 1-0

[Event "Early-Titled-Tuesday-Blitz-February-27-2024"]
[Site "Chess.com"]
[Date "2024.02.27"]
[Round "6"]
[White "guillembaches"]
[Black "Flawless_Fighter"]
[Result "0-1"]
[WhiteElo "2519"]
[BlackElo "2728"]
[TimeControl "180+1"]
[EndTime "9:05:51 PST"]
[Termination "Flawless_Fighter won on time"]

1. d4 Nf6 2. Nf3 d5 3. c4 e6 4. cxd5 exd5 5. Qc2 g6 6. Bg5 Be7 7. e3 Bf5 8. Bd3 Bxd3 9. Qxd3 O-O 10. Nc3 c6 11. O-O Nbd7 12. Rab1 Re8 13. b4 a6 14. a4 Ne4 15. Bf4 Nxc3 16. Qxc3 Nf6 17. b5 Ne4 18. Qc2 cxb5 19. axb5 a5 20. Bc7 Qd7 21. Ne5 Qe6 22. b6 Rec8 23. Nd3 Bd6 24. Rfc1 h5 25. Qa4 Kg7 26. Rb5 Qd7 27. Qb3 Bxc7 28. bxc7 Rxc7 29. Rxc7 Qxc7 30. Rxb7 Qd6 31. Ne5 Rf8 32. g3 h4 33.
Kg2 Qe6 34. Qd1 h3+ 35. Kg1 Qf5 36. Qf3 Qxf3 37. Nxf3 Ra8 38. Rb3 a4 39. Ra3 Nd6 40. Ne5 Nb5 41. Ra1 a3 42. Nd3 a2 43. Nb4 Nc3 44. Kf1 Ra4 45. Nc2 g5 46. Ke1 g4 47.
Kd2 Ne4+ 48. Ke2 Kf6 49. f3 gxf3+ 50. Kxf3 Nd2+ 51. Ke2 Nb3 52. Rf1+ Ke6 53. Na1 Ra3 54. Nxb3 Rxb3 55. Ra1 Rb2+ 56. Kf3 Rxh2 57. Kg4 f5+ 0-1

[Event "Early-Titled-Tuesday-Blitz-February-27-2024"]
[Site "Chess.com"]
[Date "2024.02.27"]
[Round "6"]
[White "mightysmasher"]
[Black "Mikhail_Bryakin"]
[Result "0-1"]
[WhiteElo "2551"]
[BlackElo "2750"]
[TimeControl "180+1"]
[EndTime "9:05:52 PST"]
[Termination "Mikhail_Bryakin won by checkmate"]

1. e4 Nf6 2. e5 Nd5 3. c4 Nb6 4. d4 d6 5. exd6 exd6 6. Nf3 Bg4 7. Nc3 Be7 8. Be2 O-O 9. O-O Nc6 10. b3 d5 11. c5 Nc8 12. Bb2 Bf6 13. h3 Bxf3 14. Bxf3 Nxd4 15. Bxd5 c6 16. Be4 Ne7 17. Qd3 Ng6 18. Rad1 Qc7 19. Bxg6 hxg6 20. Nd5 cxd5 21. Bxd4 Rfd8 22. Bxf6 gxf6 23. Qd4 Kg7 24. Rfe1 Rd7 25. Re3 a5 26. a3 Ra6 27. b4 axb4 28. axb4 b6 29.
Rc1 bxc5 30. bxc5 Re6 31. Rxe6 fxe6 32. c6 e5 33. Qc5 Rd8 34. Rb1 Kh6 35. Rb7 Qc8 36.
Qc1+ g5 37. Qc2 e4 38. Qc5 Qa8 39. g3 Qa1+ 40. Kg2 Qe5 41. Qa7 Rh8 42. Re7 Qc3 43. Re6 Qf3+ 44. Kg1 Kg6 45. Re7 Qd1+ 46. Kg2 Qf3+ 47.
Kg1 Qf5 48. Rg7+ Kh6 49. Qf7 Rb8 50. Qa7 Rb1+ 51. Kh2 Rb2 52. Kg1 e3 53. Qxe3 Rb1+ 54. Kh2 Rb2 55. Kg1 d4 56. Qe7 Qxf2+ 57. Kh1 Qg2# 0-1

[Event "Early-Titled-Tuesday-Blitz-February-27-2024"]
[Site "Chess.com"]
[Date "2024.02.27"]
[Round "6"]
[White "DumbKing75"]
[Black "ural58"]
[Result "0-1"]
[WhiteElo "2632"]
[BlackElo "2483"]
[TimeControl "180+1"]
[EndTime "9:05:52 PST"]
[Termination "ural58 won by resignation"]

1. d4 d5 2. Bf4 Nf6 3. e3 c5 4.
dxc5 Qa5+ 5. Nc3 Ne4 6. Qxd5 Nxc3 7. Qd2 Qxc5 8. Qxc3 Qxc3+ 9. bxc3 Nc6 10. Nf3 f6 11.
e4 e5 12. Be3 Be6 13. Nd2 Rc8 14.
Bb5 Kf7 15. O-O a6 16. Ba4 Na5 17. Bb6 Nc4 18. Nxc4 Rxc4 19. Bb3 Rxc3 20. Rfd1 Bxb3 21. cxb3 Ke6 22. Rac1 Rxc1 23. Rxc1 Bd6 24. Kf1 Re8 25.
Ke2 g6 26. f3 f5 27. Kd3 Re7 28. a4 Rd7 29. Ke2 Bb4 30. Be3 f4 31. Bc5 Rd2+ 32. Kf1 Bxc5 33. Rxc5 Rb2 34. Rc3 Kd6 35. Kg1 g5 36. g3 h5 37. gxf4 gxf4 38. Rd3+ Ke6 39. h3 h4 40. Rc3 Kd6 41. Rd3+ Kc6 42. Rc3+ Kd6 43. Rd3+ Kc5 44. Rd5+ Kb4 45. Rxe5 Rxb3 46. a5 Rxf3 47. Kh2 Rf2+ 48. Kh1 Re2 49. Re7 f3 50. Kg1 Kxa5 51. e5 b5 52. e6 b4 53. Rf7 Rxe6 54. Rxf3 Rb6 55. Rf4 b3 56. Rf5+ Rb5 0-1

[Event "Early-Titled-Tuesday-Blitz-February-27-2024"]
[Site "Chess.com"]
[Date "2024.02.27"]
[Round "6"]
[White "mishanick"]
[Black "ACollins05"]
[Result "1-0"]
[WhiteElo "3067"]
[BlackElo "2591"]
[TimeControl "180+1"]
[EndTime "9:05:53 PST"]
[Termination "mishanick won by checkmate"]

1. d4 d5 2. c4 e6 3. Nc3 Be7 4. cxd5 exd5 5. Bf4 c6 6. e3 Bf5 7. Nge2 Nf6 8. Ng3 Bg6 9. h4 h5 10. Bd3 Bxd3 11. Qxd3 Bd6 12. Bxd6 Qxd6 13. Nf5 Qf8 14. e4 g6 15. Ng3 dxe4 16. Ngxe4 Nxe4 17. Nxe4 Nd7 18. O-O-O O-O-O 19. d5 Nb6 20. d6 Nd5 21. Qb3 Kb8 22. Kb1 f5 23. Nc5 b6 24. Ne6 Qxd6 25. Nxd8 Rxd8 26. Rhe1 Kb7 27. g3 Qc5 28. Qc2 Qd6 29. a3 a5 30. Ka1 b5 31. Qe2 b4 32.
Qe5 bxa3 33. Qxd6 axb2+ 34. Kxb2 Rxd6 35. Re8 Kb6 36. Rd3 Kc5 37. Ra8 Kb6 38. Rb8+ Kc7 39. Re8 Kb6 40. Kb3 Kc7 41. Rd1 Kb6 42. Ka3 Kc7 43. Rd2 Kb6 44. Re7 Kc5 45. Rb7 Re6 46. Rc2+ Kd6 47. Ra7 Re1 48. Kb2 f4 49. Ra6 Nb4 50. Rd2+ Kc7 51. Rxa5 fxg3 52. fxg3 Nd5 53. Ra7+ Kd6 54. Rg7 Re6 55. Rf2 Ne7 56. Rd2+ Kc5 57. Rd3 Re2+ 58. Kb3 Re6 59. Kc2 Re2+ 60. Kd1 Re6 61. Kd2 Nf5 62. Ra7 Nd4 63. Ra4 Nf5 64. Ra1 Nd6 65. Rc1+ Kb5 66. Rb3+ Ka4 67. Rb8 Ne4+ 68.
Kc2 Nc5 69. Ra1# 1-0

[Event "Early-Titled-Tuesday-Blitz-February-27-2024"]
[Site "Chess.com"]
[Date "2024.02.27"]
[Round "6"]
[White "Canal_Showdrez"]
[Black "mertfelin"]
[Result "0-1"]
[WhiteElo "1993"]
[BlackElo "2315"]
[TimeControl "180+1"]
[EndTime "9:05:55 PST"]
[Termination "mertfelin won by resignation"]

1. d4 d5 2. Nf3 Nf6 3. Bf4 e6 4. e3 c5 5. c3 Bd6 6. Ne5 Qc7 7. Bg3 Ne4 8. Bf4 Nd7 9. f3 Nef6 10. Nxd7 Bxd7 11.
Bg5 Be7 12. Nd2 O-O 13. Bd3 Qb6 14. Rb1 Rac8 15. O-O h6 16. Bh4 Rfe8 17. f4 Bc6 18. Nf3 Ne4 19. Bxe7 Rxe7 20. Ne5 cxd4 21. exd4 f6 22. Ng6 Ree8 23. Qe2 Qc7 24. g4 Qf7 25. Nh4 Nd6 26. Rbe1 a6 27. Bg6 Qc7 28. Bxe8 Rxe8 29. Rf3 Ne4 30. Ng2 Bb5 31. Qe3 Qc4 32. h4 Qxa2 33. g5 Qxb2 34. gxh6 Rc8 35. Rc1 Be2 36.
Rh3 Bd3 37. Qxd3 Qxc1+ 38. Kh2 Rxc3 39. Qe2 Rxh3+ 40. Kxh3 Qc3+ 41. Kh2 Qg3+ 42. Kg1 gxh6 43. Qc2 Nd6 44. Qc7 Nf5 45. Qc8+ Kf7 46. Qxb7+ Kg6 47. Qc8 Ng7 48. Qf8 a5 49. h5+ Nxh5 50. Qe8+ Kf5 51. Qxh5+ Ke4 52. Qe2+ Kxd4 53. Qf2+ Qxf2+ 54. Kxf2 a4 55. Ne1 Kc3 56. Ke3 a3 57. Nd3 a2 58. Nc1 a1=Q 59.
Nd3 Qa6 60. Nf2 Qb6+ 61. Kf3 Qxf2+ 62. Kxf2 d4 63. Ke2 f5 64. Kd1 d3 0-1